 Dungeon Crawl Stone Soup version 0.31.0-1-g2c135a0 (webtiles) character file.

Game seed: 17095982990911195706

1342 jagoly the Trooper (level 8, -3/62 HPs)
             Began as a Djinni Earth Elementalist on Jan 29, 2024.
             Slain by Maurice
             ... wielding a +0 dagger
              (6 damage)
             ... on level 7 of the Dungeon.
             The game lasted 00:20:03 (1643 turns).

jagoly the Trooper (Djinni Earth Elementalist)      Turns: 1643, Time: 00:20:04

Health: -3/62      AC:  4    Str: 11    XL:     8   Next: 93%
Gold:   0          EV: 15    Int: 18    God:
                   SH:  0    Dex: 23

rFire   + . .        h - staff of conjuration
rCold   x . .        (no shield)
rNeg    . . .        a - +0 robe
rPois   ∞            (no helmet)
rElec   .            r - +0 cloak
rCorr   +            k - +0 pair of gloves
SInv    .            (boots unavailable)
Will    .....        (no amulet)
Stlth   ++           n - ring "Wuomull" {rF- rCorr Str+4 Dex+8}
HPRegen 0.30/turn    (no ring)
MPRegen 0.00/turn

%: infuse magic (-4 HP)
@: flying
A: sickness immunity, fire resistance 2, cold vulnerability 1, float, innate
caster, HP casting, extra vitality 1
a: no special abilities


You were on level 7 of the Dungeon.
You visited 2 branches of the dungeon, and saw 8 of its levels.

Inventory:

Hand Weapons
 b - a +0 mace
 d - a +0 trident
 t - a +0 sling
Missiles
 c - 3 datura-tipped darts
 e - 52 stones
 j - 3 boomerangs
 m - 20 poisoned darts
Armour
 a - a +0 robe (worn)
 k - a +0 pair of gloves (worn)
 r - a +0 cloak (worn)
Magical Staves
 h - a staff of conjuration (weapon)
Jewellery
 n - the ring "Wuomull" (left hand) {rF- rCorr Str+4 Dex+8}
   (You found it on level 3 of the Dungeon)

   [ring of resist corrosion]

   Str+4:     It affects your strength (+4).
   Dex+8:     It affects your dexterity (+8).
   rF-:       It makes you vulnerable to fire.
   rCorr:     It protects you from acid and corrosion.
Wands
 q - a wand of flame (18)
Scrolls
 f - 2 scrolls of enchant weapon {unknown}
 i - 4 scrolls of identify
 u - a scroll of noise {unknown}
 y - a scroll of teleportation {unknown}
Potions
 g - a potion of cancellation {unknown}
 l - a potion of heal wounds {unknown}
 o - 2 potions of curing
 p - a potion of lignification {unknown}
 w - a potion of mutation {unknown}
 x - a potion of invisibility {unknown}
 z - a potion of might {unknown}
 A - a potion of enlightenment {unknown}


   Skills:
 * Level 6.8 Fighting
 - Level 4.0 Dodging
 - Level 2.0 Stealth
 + Level 6.1 Spellcasting
 + Level 6.1 Conjurations
 + Level 6.1 Hexes
   Level 0.0 Charms
 + Level 6.1 Summonings
 + Level 6.1 Necromancy
 + Level 6.1 Translocations
   Level 0.0 Transmutations
 + Level 6.1 Fire Magic
 + Level 6.1 Ice Magic
 + Level 6.1 Air Magic
 + Level 6.1 Earth Magic
 + Level 6.1 Alchemy


You knew the following spells:

 Your Spells              Type           Power      Damage    Failure   Level
a - Sandblast             Erth           54%        2d13      1%          1
b - Momentum Strike       Conj/Tloc      82%        3d10      1%          2
c - Stone Arrow           Conj/Erth      82%        3d12      3%          3
e - Brom's Barrelling Bo  Conj/Erth      41%        2d6       10%         4
p - Petrify               Alch/Erth      27%        N/A       10%         4
s - Slow                  Hex            100%       N/A       1%          1
w - Passwall              Erth           27%        N/A       3%          3
I - Call Imp              Summ           54%        N/A       1%          2
Your spell library was empty.

Dungeon Overview and Level Annotations

Branches:
Dungeon (7/15) Zot: 26686  Temple (1/1) D:5 Zot: 5998

Altars:
Ashenzari
Cheibriados
Dithmenos
Elyvilon
Fedhas
Gozag
Nemelex Xobeh
Okawaru
Qazlal
Ru
Trog
Uskayaw
Wu Jian
Xom
Yredelemnul
Zin
The Shining One

Annotations:
D:5 1 transporter, Kave's ghost, novice TrSh
D:7 Maurice


Innate Abilities, Weirdness & Mutations

You are immune to sickness and miasma.
You are immune to poison.
Your flesh is very heat resistant. (rF++)
You are vulnerable to cold. (rC-)
You float through the air rather than walking.
You learn spells naturally, not from books.
Your magical power is your life essence.
You have superior vitality. (+4 MHP)


Message History

Cast which spell? (? or * to list)
Aiming: Stone Arrow (dangerous; 3% risk of failure)
Press: ? - help, Shift-Dir - straight line, f - iguana
Aim: an iguana (asleep, 100% to hit)
You feel a surge of power!
The stone arrow hits the iguana!
The iguana is severely wounded.
The iguana hisses angrily.
The orc shouts!
Cast which spell? (? or * to list)
Aiming: Stone Arrow (dangerous; 3% risk of failure)
Press: ? - help, Shift-Dir - straight line, f/p - iguana
Aim: an iguana (severely wounded, 77% to hit)
You feel a surge of power!
The stone arrow hits the iguana!!
You kill the iguana!
An orc comes into view. It is wielding a +0 club.
An orc comes into view. It is wielding a +0 mace.
An orc wizard comes into view. It is wielding a +0 dagger.
Cast which spell? (? or * to list)
Aiming: Sandblast (safe; 1% risk of failure)
Press: ? - help, Shift-Dir - straight line, f - orc
Aim: an orc, wielding a +0 falchion and wearing a +0 ring mail (85% to hit)
The blast of sand hits the orc but does no damage.
The orc wizard shouts!
The orc shouts! x2
There is an open door here.
The orc attacks as it pursues you! The orc hits you with a +0 falchion.
* * * LOW HITPOINT WARNING * * *
Cast which spell? (? or * to list)
Aiming: Sandblast (safe; 1% risk of failure)
Press: ? - help, Shift-Dir - straight line, f/p - orc
Aim: an orc, wielding a +0 falchion and wearing a +0 ring mail (85% to hit)
The blast of sand hits the orc.
The orc is lightly wounded.
* * * LOW HITPOINT WARNING * * *
The orc hits you but does no damage.
Cast which spell? (? or * to list)
Aiming: Stone Arrow (dangerous; 3% risk of failure)
Press: ? - help, Shift-Dir - straight line, f/p - orc
Aim: an orc, wielding a +0 falchion and wearing a +0 ring mail (lightly wounded, 77% to hit)
You feel a surge of power!
The stone arrow hits the orc!!
You kill the orc!
* * * LOW HITPOINT WARNING * * *
The kobold shouts!
There is an open door here.
Cast which spell? (? or * to list)
Aiming: Stone Arrow (dangerous; 3% risk of failure)
Press: ? - help, Shift-Dir - straight line, f - kobold
Aim: a kobold, wielding a +0 dagger (67% to hit)
You feel a surge of power!
The stone arrow hits the kobold!!
You kill the kobold!
* * * LOW HITPOINT WARNING * * *
Cast which spell? (? or * to list)
Aiming: Stone Arrow (dangerous; 3% risk of failure)
Press: ? - help, Shift-Dir - straight line, f - orc wizard
Aim: an orc wizard, wielding a +0 dagger and wearing a +0 robe (67% to hit)
You feel a surge of power!
The stone arrow hits the orc wizard!!
You kill the orc wizard!
* * * LOW HITPOINT WARNING * * *
Cast which spell? (? or * to list)
Aiming: Sandblast (safe; 1% risk of failure)
Press: ? - help, Shift-Dir - straight line, f - orc
Aim: an orc, wielding a +0 mace and wearing a +0 leather armour (83% to hit)
The blast of sand hits the orc but does no damage.
* * * LOW HITPOINT WARNING * * *
The orc barely misses you.
Cast which spell? (? or * to list)
Aiming: Stone Arrow (dangerous; 3% risk of failure)
Press: ? - help, Shift-Dir - straight line, f/p - orc
Aim: an orc, wielding a +0 mace and wearing a +0 leather armour (74% to hit)
You feel a surge of power!
The stone arrow misses the orc.
* * * LOW HITPOINT WARNING * * *
The orc closely misses you.
Cast which spell? (? or * to list)
Aiming: Stone Arrow (dangerous; 3% risk of failure)
Press: ? - help, Shift-Dir - straight line, f/p - orc
Aim: an orc, wielding a +0 mace and wearing a +0 leather armour (74% to hit)
You feel a surge of power!
The stone arrow hits the orc!!
You kill the orc!
* * * LOW HITPOINT WARNING * * *
Things that are here:
a +0 mace; a +0 leather armour An orc comes into view.
It is wielding a +0 war axe.
The orc shouts!
There is an open door here.
Things that are here:
a +0 dagger; a +0 robe Cast which spell? (? or * to list)
Aiming: Stone Arrow (dangerous; 3% risk of failure)
Press: ? - help, Shift-Dir - straight line, f - orc
Aim: an orc, wielding a +0 war axe (74% to hit)
You feel a surge of power!
The stone arrow hits the orc.
The orc is almost dead.
* * * LOW HITPOINT WARNING * * *
Cast which spell? (? or * to list)
Aiming: Sandblast (safe; 1% risk of failure)
Press: ? - help, Shift-Dir - straight line, f/p - orc
Aim: an orc, wielding a +0 war axe (almost dead, 83% to hit)
The blast of sand hits the orc!!
You kill the orc!
* * * LOW HITPOINT WARNING * * *
There is an open door, spattered with blood here.
Items here: $ )) [ †.
Cast which spell? (? or * to list)
Aiming: Stone Arrow (dangerous; 3% risk of failure)
Press: ? - help, Shift-Dir - straight line, f - orc
Aim: an orc, wielding a +0 club (74% to hit)
You feel a surge of power!
The stone arrow hits the orc!!
You kill the orc!
* * * LOW HITPOINT WARNING * * *
You now have 112 gold pieces (gained 10).
You reach down and open the door.
Found the Unrestrained Analects.
There is an open door here.
You see here the Unrestrained Analects.
You reach down and open the door.
There is an open door here.
You reach down and open the door.
There is an open door here.
Found a twisted bone amulet.
You see here an amulet of magic regeneration.
Found a dagger.
Found a stone staircase leading down.
There is a stone staircase leading down here.
You fly downwards.
There is a stone staircase leading up here.
A black bear comes into view.
An orc comes into view. It is wielding a +0 whip.
An ice beast comes into view.
Found a scroll labelled PAODGHU POONORO.
Cast which spell? (? or * to list)
Aiming: Stone Arrow (dangerous; 3% risk of failure)
Press: ? - help, Shift-Dir - straight line, f - ice beast
Aim: an ice beast (asleep, 100% to hit)
You feel a surge of power!
The stone arrow hits the ice beast!
The ice beast is heavily wounded.
* * * LOW HITPOINT WARNING * * *
The orc shouts!
You hear a shout! x2
An orc comes into view. It is wielding a +0 hand axe.
An orc warrior comes into view. It is wielding a +0 battleaxe.
Cast which spell? (? or * to list)
Aiming: Stone Arrow (dangerous; 3% risk of failure)
Press: ? - help, Shift-Dir - straight line, f/p - ice beast
Aim: an ice beast (heavily wounded, 74% to hit)
You feel a surge of power!
The stone arrow hits the ice beast!
The ice beast is almost dead.
The orc shouts!
* * * LOW HITPOINT WARNING * * *
A scorpion comes into view.
The ice beast barely misses you.
Cast which spell? (? or * to list)
Aiming: Stone Arrow (dangerous; 3% risk of failure)
Press: ? - help, Shift-Dir - straight line, f/p - ice beast
Aim: an ice beast (almost dead, 74% to hit)
You feel a surge of power!
The stone arrow hits the ice beast!
You kill the ice beast!
* * * LOW HITPOINT WARNING * * *
An orc comes into view. It is wielding a +0 hand axe. x2
Training target 6.0 for Spellcasting reached!
Your Spellcasting skill increases to level 6!
Your Conjurations skill increases to level 6!
Your Hexes skill increases to level 6!
Your Summonings skill increases to level 6!
Your Necromancy skill increases to level 6!
Your Translocations skill increases to level 6!
Your Fire Magic skill increases to level 6!
Your Ice Magic skill increases to level 6!
Your Air Magic skill increases to level 6!
Your Earth Magic skill increases to level 6!
Your Alchemy skill increases to level 6!
You need to enable at least one skill for training.
There is a stone staircase leading up here.
Cast which spell? (? or * to list)
Aiming: Stone Arrow (dangerous; 3% risk of failure)
Press: ? - help, Shift-Dir - straight line, f - black bear
Aim: a black bear (82% to hit)
You feel a surge of power!
The stone arrow misses the black bear.
The stone arrow hits the orc!
You kill the orc!
* * * LOW HITPOINT WARNING * * *
Cast which spell? (? or * to list)
Aiming: Stone Arrow (dangerous; 3% risk of failure)
Press: ? - help, Shift-Dir - straight line, f/p - black bear
Aim: a black bear (82% to hit)
You feel a surge of power!
The stone arrow hits the black bear!
The black bear is heavily wounded.
* * * LOW HITPOINT WARNING * * *
The black bear completely misses you. The black bear barely misses you.
The black bear claws you but does no damage.
Cast which spell? (? or * to list)
Aiming: Stone Arrow (dangerous; 3% risk of failure)
Press: ? - help, Shift-Dir - straight line, f/p - black bear
Aim: a black bear (heavily wounded, 82% to hit)
You feel a surge of power!
The stone arrow hits the black bear!
You kill the black bear!
* * * LOW HITPOINT WARNING * * *
Cast which spell? (? or * to list)
Aiming: Stone Arrow (dangerous; 3% risk of failure)
Press: ? - help, Shift-Dir - straight line, f - orc
Aim: an orc, wielding a +0 hand axe (76% to hit)
You feel a surge of power!
The stone arrow hits the orc!
You kill the orc!
* * * LOW HITPOINT WARNING * * *
You fly upwards.
There is a stone staircase leading down here.
You reach down and open the door.
There is an open door here.
There is an open door here.
You reach down and open the door.
There is an open door here.
Found a stone staircase leading down.
There is a stone staircase leading down here.
You fly downwards.
There is a stone staircase leading up here.
Found 4 gold pieces.
You now have 116 gold pieces (gained 4).
Found a sling.
A bullfrog comes into view.
The bullfrog croaks.
Cast which spell? (? or * to list)
Aiming: Stone Arrow (dangerous; 3% risk of failure)
Press: ? - help, Shift-Dir - straight line, f - bullfrog
Aim: a bullfrog (70% to hit)
You feel a surge of power!
The stone arrow hits the bullfrog!
The bullfrog is severely wounded.
Cast which spell? (? or * to list)
Aiming: Sandblast (safe; 1% risk of failure)
Press: ? - help, Shift-Dir - straight line, f/p - bullfrog
Aim: a bullfrog (severely wounded, 79% to hit)
The blast of sand hits the bullfrog!!
You kill the bullfrog!
Your Dodging skill increases to level 3!
You see here a bullfrog corpse.
You see here a +0 sling.
Found 6 gold pieces.
You now have 122 gold pieces (gained 6).
Found a brown potion.
A steam dragon comes into view.
Cast which spell? (? or * to list)
Aiming: Stone Arrow (dangerous; 3% risk of failure)
Press: ? - help, Shift-Dir - straight line, f - steam dragon
Aim: a steam dragon (76% to hit)
You feel a surge of power!
The stone arrow hits the steam dragon!
The steam dragon is severely wounded.
Cast which spell? (? or * to list)
Aiming: Stone Arrow (dangerous; 3% risk of failure)
Press: ? - help, Shift-Dir - straight line, f/p - steam dragon
Aim: a steam dragon (heavily wounded, 76% to hit)
You feel a surge of power!
You miscast Stone Arrow.
You are very lightly contaminated with residual magic.
Nothing appears to happen.
Cast which spell? (? or * to list)
Aiming: Stone Arrow (dangerous; 3% risk of failure)
Press: ? - help, Shift-Dir - straight line, f/p - steam dragon
Aim: a steam dragon (heavily wounded, 76% to hit)
You feel a surge of power!
The stone arrow hits the steam dragon!!
You kill the steam dragon!
A - a brown potion You reach down and open the door.
Your magical contamination has completely faded away.
There is an open door here.
A jelly comes into view.
Found a coppery potion.
A jelly is nearby!
Cast which spell? (? or * to list)
Aiming: Stone Arrow (dangerous; 3% risk of failure)
Press: ? - help, Shift-Dir - straight line, f - jelly
Aim: a jelly (asleep, 100% to hit)
You feel a surge of power!
The stone arrow hits the jelly!!
You kill the jelly!
Found a stone staircase leading down.
Found 4 poisoned darts and a scroll labelled NEIFIGG FICKI.
o - 3 coppery potions (gained 1)
There is a stone staircase leading down here.
m - 25 poisoned darts (gained 4) HP restored.
HP restored.
You enter a teleport trap!
The teleport trap disappears.
Your surroundings suddenly seem different.
A bombardier beetle comes into view.
You see here a scroll labelled PAODGHU POONORO.
i - 5 scrolls labelled PAODGHU POONORO (gained 1) Cast which spell? (? or * to list)
Aiming: Stone Arrow (dangerous; 3% risk of failure)
Press: ? - help, Shift-Dir - straight line, f - bombardier beetle
Aim: a bombardier beetle (85% to hit)
You feel a surge of power!
The stone arrow hits the bombardier beetle!
The bombardier beetle is almost dead.
Cast which spell? (? or * to list)
Aiming: Sandblast (safe; 1% risk of failure)
Press: ? - help, Shift-Dir - straight line, f/p - bombardier beetle
Aim: a bombardier beetle (almost dead, 90% to hit)
The blast of sand misses the bombardier beetle.
Cast which spell? (? or * to list)
Aiming: Sandblast (safe; 1% risk of failure)
Press: ? - help, Shift-Dir - straight line, f/p - bombardier beetle
Aim: a bombardier beetle (almost dead, 90% to hit)
The blast of sand hits the bombardier beetle!
You kill the bombardier beetle!
Training target 4.0 for Dodging reached!
Your Dodging skill increases to level 4!
You see here a bombardier beetle corpse.
Maurice the Thief comes into view.
He is wielding a +0 dagger and carrying a wand of paralysis.
Cast which spell? (? or * to list)
Aiming: Stone Arrow (dangerous; 3% risk of failure)
Press: ? - help, Shift-Dir - straight line, f - Maurice
Aim: Maurice, wielding a +0 dagger, wearing a +0 cloak and carrying a wand of paralysis (asleep, 100% to hit)
You feel a surge of power!
The stone arrow hits Maurice!
Maurice is lightly wounded.
Maurice shouts!
Cast which spell? (? or * to list)
Aiming: Stone Arrow (dangerous; 3% risk of failure)
Press: ? - help, Shift-Dir - straight line, f/p - Maurice
Aim: Maurice, wielding a +0 dagger, wearing a +0 cloak and carrying a wand of paralysis (lightly wounded, 67% to hit)
You feel a surge of power!
The stone arrow misses Maurice.
Maurice zaps a wand.
You easily resist.
Cast which spell? (? or * to list)
Aiming: Stone Arrow (dangerous; 3% risk of failure)
Press: ? - help, Shift-Dir - straight line, f/p - Maurice
Aim: Maurice, wielding a +0 dagger, wearing a +0 cloak and carrying a wand of paralysis (lightly wounded, 67% to hit)
You feel a surge of power!
The stone arrow misses Maurice.
Cast which spell? (? or * to list)
Aiming: Stone Arrow (dangerous; 3% risk of failure)
Press: ? - help, Shift-Dir - straight line, f/p - Maurice
Aim: Maurice, wielding a +0 dagger, wearing a +0 cloak and carrying a wand of paralysis (lightly wounded, 67% to hit)
You feel a surge of power!
The stone arrow hits Maurice!!
Maurice is heavily wounded.
Maurice zaps a wand.
You suddenly lose the ability to move!
Maurice hits you with a +0 dagger!
Maurice steals your ring of protection from cold!
Maurice puts on a ring of protection from cold.
Maurice bites you. Maurice drains your magic.
Maurice hits you with a +0 dagger. Maurice steals 4 of your 7 boomerangs!
Maurice bites you. Maurice drains your magic.
Maurice hits you with a +0 dagger.
Maurice steals the +6 shillelagh "Devastator" {shatter}!
Maurice bites you.
* * * LOW HITPOINT WARNING * * *
Maurice drains your magic.
You can move again.
Cast which spell? (? or * to list)
Okay, then.
Cast which spell? (? or * to list)
Aiming: Petrify (dangerous; 10% risk of failure)
Press: ? - help, Shift-Dir - straight line, f/p - Maurice
Aim: Maurice, wielding a +0 dagger, wearing a +0 cloak, wearing a ring of protection from cold, quivering boomerangs and carrying a wand of paralysis (moderately wounded, chance to affect: 58%)
You miscast Petrify.
You are very lightly contaminated with residual magic.
Nothing appears to happen.
* * * LOW HITPOINT WARNING * * *
Maurice hits you with a +0 dagger.
* * * LOW HITPOINT WARNING * * *
Maurice steals 122 gold pieces!
You now have 0 gold pieces.
Maurice completely misses you.
Cast which spell? (? or * to list)
Aiming: Petrify (dangerous; 10% risk of failure)
Press: ? - help, Shift-Dir - straight line, f/p - Maurice
Aim: Maurice, wielding a +0 dagger, wearing a +0 cloak, wearing a ring of protection from cold, quivering boomerangs and carrying a wand of paralysis (moderately wounded, chance to affect: 58%) Maurice is moving more slowly.
* * * LOW HITPOINT WARNING * * *
Maurice zaps a wand.
You shrug off the repeated paralysis!
Okay, then.
Maurice throws a boomerang.
The boomerang hits you!
* * * LOW HITPOINT WARNING * * *
Maurice zaps a wand.
You easily resist.
Throw: 25 darts (poison)
Press: ? - help, Shift-Dir - straight line, f/p - Maurice
Aim: Maurice, wielding a +0 dagger, wearing a +0 cloak, wearing a ring of protection from cold, quivering boomerangs and carrying a wand of paralysis (moderately wounded, petrifying slowly, 98% to hit)
You throw a poisoned dart. The poisoned dart hits Maurice.
Maurice is poisoned.
Maurice is moderately wounded.
Maurice stops moving altogether!
Your magical contamination has completely faded away.
Okay, then.
Okay, then.
Throw: 24 darts (poison)
Press: ? - help, Shift-Dir - straight line, f/p - Maurice
Aim: Maurice, wielding a +0 dagger, wearing a +0 cloak, wearing a ring of protection from cold, quivering boomerangs and carrying a wand of paralysis (moderately wounded, petrified, poisoned, 98% to hit)
You throw a poisoned dart. The poisoned dart hits Maurice.
Maurice looks even sicker.
Maurice is moderately wounded.
Throw: 23 darts (poison)
Press: ? - help, Shift-Dir - straight line, f/p - Maurice
Aim: Maurice, wielding a +0 dagger, wearing a +0 cloak, wearing a ring of protection from cold, quivering boomerangs and carrying a wand of paralysis (moderately wounded, petrified, very poisoned, 98% to hit)
You throw a poisoned dart. The poisoned dart hits Maurice.
Maurice is moderately wounded.
Throw: 22 darts (poison)
Press: ? - help, Shift-Dir - straight line, f/p - Maurice
Aim: Maurice, wielding a +0 dagger, wearing a +0 cloak, wearing a ring of protection from cold, quivering boomerangs and carrying a wand of paralysis (moderately wounded, petrified, very poisoned, 98% to hit)
You throw a poisoned dart. The poisoned dart hits Maurice.
Maurice looks even sicker.
Maurice is moderately wounded.
Throw: 21 darts (poison)
Press: ? - help, Shift-Dir - straight line, f/p - Maurice
Aim: Maurice, wielding a +0 dagger, wearing a +0 cloak, wearing a ring of protection from cold, quivering boomerangs and carrying a wand of paralysis (moderately wounded, petrified, very poisoned, 98% to hit)
You throw a poisoned dart. The poisoned dart hits Maurice.
Maurice looks as sick as possible!
Maurice is moderately wounded.
You are flying.
Your flying speed is average.
Your attack delay is about 1.2.
Your damage rating with your staff of conjuration is about 5 (Base 5 x 102% (Str) x 111% (Skill)).
Your base attributes are Str 7, Int 18, Dex 15.
Unknown command.
Unknown command.
Cast which spell? (? or * to list)
Aiming: Stone Arrow (dangerous; 3% risk of failure)
Press: ? - help, Shift-Dir - straight line, f/p - Maurice
Aim: Maurice, wielding a +0 dagger, wearing a +0 cloak, wearing a ring of protection from cold, quivering boomerangs and carrying a wand of paralysis (lightly wounded, petrified, extremely poisoned, 100% to hit)
You feel a surge of power!
The stone arrow hits Maurice!
Maurice is moderately wounded.
* * * LOW HITPOINT WARNING * * *
Cast which spell? (? or * to list)
Aiming: Stone Arrow (dangerous; 3% risk of failure)
Press: ? - help, Shift-Dir - straight line, f/p - Maurice
Aim: Maurice, wielding a +0 dagger, wearing a +0 cloak, wearing a ring of protection from cold, quivering boomerangs and carrying a wand of paralysis (moderately wounded, petrified, extremely poisoned, 100% to hit)
You feel a surge of power!
The stone arrow hits Maurice!!
Maurice is heavily wounded.
* * * LOW HITPOINT WARNING * * *
Cast which spell? (? or * to list)
Aiming: Stone Arrow (dangerous; 3% risk of failure)
Press: ? - help, Shift-Dir - straight line, f/p - Maurice
Aim: Maurice, wielding a +0 dagger, wearing a +0 cloak, wearing a ring of protection from cold, quivering boomerangs and carrying a wand of paralysis (heavily wounded, petrified, very poisoned, 100% to hit)
You feel a surge of power!
The stone arrow hits Maurice!
Maurice is severely wounded.
* * * LOW HITPOINT WARNING * * *
Cast which spell? (? or * to list)
You don't know that spell.
Cast which spell? (? or * to list)
Okay, then.
Cast which spell? (? or * to list)
A tiny devil pulls itself out of the air.
* * * LOW HITPOINT WARNING * * *
Maurice is no longer petrified.
Maurice misses your cerulean imp. Maurice bites your cerulean imp.
Maurice drains its power.
Unknown command.
Unknown command.
Maurice gestures wildly while chanting.
Maurice blinks!
Your cerulean imp hits Maurice but does no damage.
What are your orders? t - Shout!
Orders for allies: a - Attack new target. p - Attack previous target. r - Retreat! s - Stop attacking. g - Guard the area. f - Follow me.
Anything else - Cancel.
Gang up on whom?
Press: ? - help, Dir - move target, f/p - Maurice
Aim: Maurice, wielding a +0 dagger, wearing a +0 cloak, wearing a ring of protection from cold, quivering boomerangs and carrying a wand of paralysis (severely wounded, very poisoned, ally target) Attack!
Your cerulean imp barely misses Maurice.
Maurice tries to hide in the shadows.
Maurice hits your cerulean imp with a +0 dagger.
Maurice closely misses your cerulean imp.
Your cerulean imp barely misses Maurice.
Maurice throws a boomerang.
The boomerang misses your cerulean imp. The boomerang hits you.
* * * LOW HITPOINT WARNING * * *
Your cerulean imp closely misses Maurice.
Maurice hits your cerulean imp with a +0 dagger!
Your cerulean imp dies!
Your cerulean imp disappears in a puff of smoke!
Cast which spell? (? or * to list)
A tiny devil pulls itself out of the air.
* * * LOW HITPOINT WARNING * * *
Maurice zaps a wand.
You easily resist.
You swap places.
Your cerulean imp hits Maurice from afar with a -2 spear.
Your cerulean imp barely misses Maurice.
Maurice barely misses your cerulean imp.
Maurice bites your cerulean imp.
Maurice drains its power.
Your cerulean imp hits Maurice but does no damage.
You see here a bombardier beetle corpse.
Maurice mumbles some strange words.
Maurice flickers and vanishes!
Deactivating autopickup; reactivate with Ctrl-A.
Press: ? - help, v - describe, . - travel
Here: a cerulean imp, wielding a -2 spear (moderately wounded, summoned, friendly)
The floor.
As you read the scroll labelled PAODGHU POONORO, it crumbles to dust.
It is a scroll of identify.
o - 3 potions of curing You feel better.
The scorpion barely misses you.
You hear a zap.
Your cerulean imp easily resists.
You swap places.
The scorpion stings your cerulean imp.
Your cerulean imp is poisoned.
The scorpion poisons your cerulean imp!
Okay, then.
Unknown command.
Unknown command.
Aiming: Throw Flame
Press: ? - help, Shift-Dir - straight line The scorpion stings your cerulean imp!
Your cerulean imp dies!
Your cerulean imp disappears in a puff of smoke!
Something hits you!
* * * LOW HITPOINT WARNING * * *
Something groans, "What are you, a monk?"
Something bites you but does no damage.
Aiming: Throw Flame
Press: ? - help, Shift-Dir - straight line Something hits you.
You die...

#.##........
###########.##........
#<.)[.................
###########.##........
.........#.####### .
#######..#.# . #..#.#
##.#s# .#@# #.#†#
#.#.# #.#.# #.#.#
#.#.# #.#.# #.#.#
#.(.#


You could see a scorpion.

Vanquished Creatures
  A steam dragon (D:7)
  2 black bears
  An ice beast (D:7)
  2 ogres
  A kobold brigand (D:6)
  A bullfrog (D:7)
  4 scorpions
  A jelly (D:7)
  3 hounds
  An orc priest (D:5)
  A bombardier beetle (D:7)
  Jessica (D:2)
  2 iguanas
  An orc wizard (D:6)
  5 adders
  2 ufetubi (D:5)
  A ribbon worm (D:2)
  A dart slug (D:1)
  8 orcs
  4 ball pythons
  3 endoplasms
  5 giant cockroaches
  6 goblins
  4 hobgoblins
  3 jackals (D:3)
  13 kobolds
  2 quokkas
  3 bats
  5 rats
87 creatures vanquished.

Vanquished Creatures (collateral kills)
  2 orcs (D:5)
2 creatures vanquished.

Grand Total: 89 creatures vanquished

Notes
Turn   | Place    | Note
-------+----------+-------------------------------------------
     0 | D:1      | jagoly the Djinni Earth Elementalist began the quest for
                  | the Orb.
     0 | D:1      | jagoly set off with the following spells memorised:
                  | Sandblast, Passwall, Stone Arrow, Petrify, Brom's
                  | Barrelling Boulder.
     0 | D:1      | Reached XP level 1. HP: 15/15 MP: 0/0
    46 | D:1      | Reached XP level 2. HP: 18/22 MP: 0/0
    97 | D:2      | Reached skill level 1 in Fighting
   113 | D:2      | Reached XP level 3. HP: 24/27 MP: 0/0
   113 | D:2      | Learned a level 1 spell: Slow
   181 | D:2      | Noticed Jessica
   183 | D:2      | Killed Jessica
   184 | D:2      | Reached XP level 4. HP: 31/33 MP: 0/0
   265 | D:4      | Reached XP level 5. HP: 36/39 MP: 0/0
   265 | D:4      | Learned a level 2 spell: Call Imp
   665 | D:3      | Identified the ring "Wuomull" {rF- rCorr Str+4 Dex+8}
   825 | D:4      | Reached XP level 6. HP: 42/46 MP: 0/0
   836 | D:4      | Noticed an ogre
   869 | D:4      | Killed an ogre
   878 | D:5      | Entered Level 5 of the Dungeon
   883 | D:5      | Reached XP level 7. HP: 35/53 MP: 0/0
   883 | D:5      | Learned a level 2 spell: Momentum Strike
   891 | D:5      | Found a staircase to the Ecumenical Temple.
   925 | Temple   | Entered the Ecumenical Temple
   935 | D:6      | Found the +6 shillelagh "Devastator" {shatter}
   975 | D:6      | Reached skill level 5 in Fighting
   975 | D:6      | Reached skill level 5 in Spellcasting
   975 | D:6      | Reached skill level 5 in Conjurations
   975 | D:6      | Reached skill level 5 in Hexes
   975 | D:6      | Reached skill level 5 in Summonings
   975 | D:6      | Reached skill level 5 in Necromancy
   975 | D:6      | Reached skill level 5 in Translocations
   975 | D:6      | Reached skill level 5 in Fire Magic
   975 | D:6      | Reached skill level 5 in Ice Magic
   975 | D:6      | Reached skill level 5 in Air Magic
   975 | D:6      | Reached skill level 5 in Earth Magic
   975 | D:6      | Reached skill level 5 in Alchemy
  1087 | D:5      | Reached XP level 8. HP: 26/61 MP: 0/0
  1113 | D:5      | Identified the +0 trident of Eternal Harmony {pain, Will+
                  | rCorr}
  1113 | D:5      | Identified the +0 ring mail of Ufiorem {Dex+6}
  1126 | D:5      | Found a transporter.
  1135 | D:5      | Noticed Kave's ghost (novice TrSh)
  1593 | D:7      | Noticed Maurice
  1597 | D:7      | Paralysed by Maurice for 5 turns
  1599 | D:7      | Maurice stole a ring of protection from cold
  1600 | D:7      | Maurice stole 7 boomerangs
  1601 | D:7      | Maurice stole the +6 shillelagh "Devastator" {shatter}
  1602 | D:7      | Maurice stole 122 gold
  1630 | D:7      | HP: 3/62 [Maurice/boomerang (2)]
  1642 | D:7      | HP: 3/62 [something (8)]
  1643 | D:7      | Slain by Maurice

Illustrated notes

Levels and vault maps discovered:
D:1:      evilmike_arrival_fibonacci_small, layout_basic
D:2:      layout_rooms, uniq_jessica
D:3:      layout_rooms, grunt_decor_resistance
D:4:      layout_layer_cave
D:5:      layout_basic, gammafunk_temple_overflow_elements,
          minmay_temple_entry_statues_pillars, gammafunk_ghost_gnarly_gnolls,
          minmay_ogre_servants
D:6:      layout_gridville
D:7:      layout_basic, minmay_lizard_king, uniq_maurice
Temple:   hellmonk_temple_of_storms

Skill      XL: |  1  2  3  4  5  6  7  8 |
---------------+-------------------------+-----
Fighting       | 1 2 3 4 5 6 |  6.8
Stealth        | 2 |  2.0
Spellcasting   | 4 5 6 |  6.1
Conjurations   | 4 5 6 |  6.1
Hexes          | 4 5 6 |  6.1
Summonings     | 4 5 6 |  6.1
Necromancy     | 4 5 6 |  6.1
Translocations | 4 5 6 |  6.1
Fire Magic     | 4 5 6 |  6.1
Ice Magic      | 4 5 6 |  6.1
Air Magic      | 4 5 6 |  6.1
Earth Magic    | 4 5 6 |  6.1
Alchemy        | 4 5 6 |  6.1
Dodging        | 4 |  4.0

Action                     |  1- 3 |  4- 6 |  7- 9 || total
---------------------------+-------+-------+-------++-------
  Throw: Dart              |       |       |     5 ||     5
   Cast: Sandblast         |    26 |    44 |    26 ||    96
         Stone Arrow       |       |     8 |    48 ||    56
         Passwall          |       |     1 |       ||     1
         Call Imp          |       |       |     3 ||     3
         Petrify           |       |       |     1 ||     1
  Evoke: Wand              |       |       |     2 ||     2
    Use: Scroll            |       |       |     1 ||     1
         Potion            |       |       |     1 ||     1
 Armour: Robe              |     2 |    15 |    21 ||    38
  Dodge: Dodged            |     3 |    18 |    17 ||    38
